 Dungeon Crawl Stone Soup version 0.19.4-9-g45fd643 (webtiles) character file.

13608 Rrauwl the Basher (level 12, -3/73 HPs)
             Began as a Gargoyle Berserker on Feb 15, 2017.
             Was a High Priest of Trog.
             Killed by divine providence
             ... invoked by an orc priest
              (9 damage)
             ... on level 11 of the Dungeon.
             The game lasted 01:16:19 (11654 turns).

Rrauwl the Basher (Gargoyle Berserker)             Turns: 11654, Time: 01:16:21

Health: -3/73      AC: 20    Str: 30    XL:     12   Next: 7%
Magic:  16/16      EV: 16    Int:  8    God:    Trog [*****.]
Gold:   393        SH:  0    Dex: 10    Spells: 0 memorised, 11 levels left

rFire  + + .     SeeInvis .     f - +4 flail
rCold  . . .     Gourm    .     K - +1 ring mail {rF+}
rNeg   + . .     Faith    .     (no shield)
rPois  ∞         Spirit   .     (helmet restricted)
rElec  +         Reflect  .     V - +0 cloak
rCorr  .         Harm     .     C - +0 pair of gloves
MR     ++...                    Y - +0 pair of boots
Stlth  +++.......               (no amulet)
                                j - ring of protection from fire
                                n - +4 ring of evasion

@: mighty, exhausted, very slightly contaminated, regenerating, hasted and
slowed
A: horns 1, blink, negative energy resistance 1, sense surroundings 2,
electricity resistance, unbreathing, petrification resistance, rot immunity, AC
+8
a: Blink, Berserk, Trog's Hand, Brothers in Arms, Burn Spellbooks, Renounce
Religion


You were on level 11 of the Dungeon.
You worshipped Trog.
Trog was extremely pleased with you.
You were near starving.

You visited 1 branch of the dungeon, and saw 11 of its levels.
You also visited: Ossuary.

You collected 765 gold pieces.
You spent 372 gold pieces at shops.

Inventory:

Hand Weapons
 f - a +4 flail (weapon)
 h - a +2 mace of draining
 W - a +0 hand crossbow of freezing
Missiles
 a - 136 sling bullets
Armour
 C - a +0 pair of gloves (worn)
 H - the +2 robe of Woeguven {+Inv rPois}
   (You found it on level 6 of the Dungeon)

   It protects you from poison.
   It lets you turn invisible.
 K - a +1 ring mail of fire resistance (worn)
 V - a +0 cloak (worn)
 Y - a +0 pair of boots (worn)
Magical Staves
 M - an uncursed staff of energy
Rods
 r - a +1 lightning rod (14/14)
   (You found it on level 4 of the Dungeon)
Jewellery
 j - a ring of protection from fire (right hand)
 n - a +4 ring of evasion (left hand)
 y - an uncursed ring of stealth
 z - an uncursed ring of see invisible
Wands
 b - a wand of confusion (24/48)
 g - a wand of disintegration (10/24)
 l - a wand of lightning (0/15)
 p - a wand of random effects (12/48)
 s - a wand of confusion (33/48)
 B - a wand of flame (16/48)
 E - a wand of random effects (9/48)
 I - a wand of digging (5/24)
 S - a wand of paralysis (11/24)
 T - a wand of enslavement (0/24)
Scrolls
 e - 6 scrolls of remove curse
 v - 2 scrolls of fear
 A - 2 scrolls of teleportation
 D - 3 scrolls of amnesia
 G - a scroll of immolation
 O - a scroll of magic mapping
 U - a scroll of identify
Potions
 d - a potion of lignification
 k - 5 potions of flight
 o - 3 potions of might
 q - a potion of invisibility
 t - a potion of agility
 u - 2 potions of cancellation
 w - 2 potions of ambrosia
 x - a potion of haste
 F - 3 potions of brilliance
 L - a potion of berserk rage
 N - a potion of cure mutation
 R - a potion of magic
Books
 J - the Handbook of Entrancing Arcane Weapons
   (You found it on level 7 of the Dungeon)

   Spells                             Type                      Level
   a - Throw Frost                    Conjuration/Ice              2
   b - Searing Ray                    Conjuration                  2
   c - Fulminant Prism                Conjuration/Hexes            4
   d - Iskenderun's Mystic Blast      Conjuration                  4
   e - Iskenderun's Battlesphere      Conjuration/Charms           5
   Trog disapproves of the use of such an item.
 Q - a Young Poisoner's Handbook

   Spells                             Type                      Level
   a - Sting                          Conjuration/Poison           1
   b - Mephitic Cloud                 Conjuration/Poison/Air       3
   c - Olgreb's Toxic Radiance        Poison                       4
   d - Alistair's Intoxication        Transmutation/Poison         5
   e - Venom Bolt                     Conjuration/Poison           5
   Trog disapproves of the use of such an item.
Comestibles
 c - 10 bread rations
 i - 7 meat rations
 m - 18 fruits
 P - 4 slices of pizza


   Skills:
 + Level 7.6 Fighting
 + Level 13.3 Maces & Flails
 + Level 7.4 Armour
 - Level 4.0 Dodging
 + Level 7.7 Stealth
 + Level 6.0 Evocations


You had 11 spell levels left.
You didn't know any spells.

Dungeon Overview and Level Annotations

Branches:
Dungeon (11/15)            Temple (0/1) D:7            Lair (0/6) D:11
    Orc (0/2) D:11

Altars:
Ashenzari
Elyvilon
Fedhas
Gozag
Nemelex Xobeh
Okawaru
Qazlal
Ru
Sif Muna
Trog
Vehumet
The Shining One
Beogh

Shops:
D:7 !*[   D:11 :

Annotations:
D:11 exclusion: oklob plant


Innate Abilities, Weirdness & Mutations

You are resistant to torment.
Your stone body is resilient. (AC +8)
You are immune to poison.
You resist negative energy. (rN+)
You are resistant to electric shocks. (rElec)
You can survive without breathing.
You are immune to petrification.
You are immune to rotting.
You have a pair of small horns on your head.
You can translocate small distances at will.
You passively map the area around you.


Message History

You hit the orc warrior.
The orc warrior is lightly wounded.
The orc warrior closely misses you. The orc priest barely misses you.
You bludgeon the orc warrior!!
You kill the orc warrior!
Trog accepts your kill.
You are near starving!
The orc warrior hits you but does no damage.
You sock the orc!
You kill the orc!
Trog accepts your kill.
Your extra speed is starting to run out.
The orc priest hits you but does no damage.
You hit the orc warrior. You headbutt the orc warrior.
The orc warrior is heavily wounded.
The orc warrior hits you with a mace.
* * * LOW HITPOINT WARNING * * *
The orc priest mumbles some strange prayers to Beogh against you.
Beogh smites you!
You die...

*## #.# * * #.## , .###*
*##...# * ,, , ...#* .....
.., #..## ##..# * ∩
...##...###)o.# , # ,
,⌠...#..⌠..#@#...o... #
........oo##oo#o... # ,,
,......>.)o##oo#o...* # *
#...........o..o . #
#..⌠...⌠###..#.o #
#......####..#..,,* #
#.....)...#..#############
# *
#.......o.#..........#....
# **
.##.....§.o###).).)...#....


You could see 2 orc warriors, an orc priest and an orc.

Vanquished Creatures
  A hydra (D:8)
  Erica (D:8)
  A centaur warrior (D:11)
  2 hill giants
  A cyclops (D:11)
  A gargoyle (D:11)
  A troll (D:10)
  A two-headed ogre (D:11)
  A hippogriff (D:11)
  2 dream sheep (D:8)
  Sigmund (D:2)
  A wyvern (D:11)
  4 wraiths (D:11)
  2 yaks (D:8)
  3 steam dragons
  A hungry ghost (D:11)
  2 water moccasins
  10 orc warriors
  6 sky beasts
  5 ice beasts
  A black bear (D:8)
  3 phantoms
  2 eyes of draining (D:10)
  4 ogres
  4 centaurs
  An elf zombie (Ossuary)
  6 big kobolds
  8 bullfrogs
  A gnoll sergeant (D:10)
  A scorpion (D:5)
  7 killer bees
  5 wights
  3 howler monkeys
  5 crimson imps
  A centaur zombie (Ossuary)
  A human zombie (Ossuary)
  A bullfrog zombie (D:8)
  A quasit (D:10)
  3 jellies
  3 hounds
  10 orc priests
  12 orc wizards
  2 bullfrog skeletons
  3 centaur skeletons
  3 iguanas
  Natasha (D:2)
  6 worker ants
  2 killer bee zombies
  A big kobold zombie (Ossuary)
  The ghost of Opal the Skirmisher, a weakling DrBe of Trog (D:3)
  A hound zombie (D:8)
  A hound skeleton (D:10)
  3 mummies (Ossuary)
  A worker ant zombie (D:6)
  14 adders
  6 gnolls
  2 shadow imps
  8 adder zombies
  An adder skeleton (D:6)
  3 worms
  A dart slug (D:3)
  3 leopard geckos
  47 orcs
  4 giant cockroaches
  2 gnoll zombies (Ossuary)
  4 goblins
  5 hobgoblins
  26 jackals
  4 quokkas
  5 bats
  3 frilled lizards
  2 goblin zombies (Ossuary)
  4 hobgoblin zombies (Ossuary)
  2 jackal zombies (Ossuary)
  30 kobolds
  4 kobold zombies (Ossuary)
  A leopard gecko zombie (D:5)
  3 orc zombies (Ossuary)
  3 quokka zombies (Ossuary)
  8 rats
  5 rat zombies (Ossuary)
  2 butterflies (D:7)
357 creatures vanquished.

Vanquished Creatures (collateral kills)
  2 insubstantial wisps (D:9)
  2 sky beasts (D:9)
  3 killer bees (D:9)
  2 wights (D:9)
9 creatures vanquished.

Vanquished Creatures (others)
  An orc wizard (D:8)
  5 orcs
  6 plants (D:11)
12 creatures vanquished.

Grand Total: 378 creatures vanquished

Notes
Turn   | Place    | Note
-------+----------+-------------------------------------------
     0 | D:1      | Rrauwl the Gargoyle Berserker began the quest for the Orb.
     0 | D:1      | Reached XP level 1. HP: 14/14 MP: 1/1
   107 | D:1      | Reached XP level 2. HP: 11/19 MP: 2/2
   428 | D:1      | Reached skill level 4 in Maces & Flails
   672 | D:1      | Reached XP level 3. HP: 23/23 MP: 3/3
  1043 | D:2      | Reached ** piety under Trog
  1043 | D:2      | Reached XP level 4. HP: 9/28 MP: 4/4
  1259 | D:2      | Noticed Sigmund
  1265 | D:2      | Killed Sigmund
  1265 | D:2      | Reached skill level 6 in Maces & Flails
  1265 | D:2      | Reached XP level 5. HP: 32/32 MP: 5/5
  1265 | D:2      | Reached XP level 6. HP: 37/37 MP: 6/6
  1475 | D:2      | Found an opulent altar of Gozag.
  1475 | D:2      | Found a glowing golden altar of the Shining One.
  1475 | D:2      | Found a bloodstained altar of Trog.
  1512 | D:2      | You fall through a shaft for 2 floors!
  1535 | D:3      | Noticed Opal's ghost (weakling DrBe)
  1563 | D:3      | Killed Opal's ghost
  1739 | D:3      | Found a radiant altar of Vehumet.
  1815 | D:3      | Reached skill level 7 in Maces & Flails
  2192 | D:2      | Found a sacrificial altar of Ru.
  2195 | D:2      | Found a white marble altar of Elyvilon.
  2435 | D:2      | Noticed Natasha
  2450 | D:2      | Killed Natasha
  2906 | D:4      | Found a sparkling altar of Nemelex Xobeh.
  2958 | D:4      | Reached *** piety under Trog
  3058 | D:4      | Reached XP level 7. HP: 27/41 MP: 7/7
  3120 | D:4      | Reached skill level 8 in Maces & Flails
  3301 | D:5      | Entered Level 5 of the Dungeon
  3399 | D:5      | Found a sand-covered staircase.
  3402 | Ossuary  | Entered an ossuary
  3921 | Ossuary  | Reached skill level 9 in Maces & Flails
  4244 | D:5      | Reached XP level 8. HP: 34/46 MP: 8/8
  4589 | D:5      | Found a deep blue altar of Sif Muna.
  4635 | D:5      | Reached skill level 10 in Maces & Flails
  4838 | D:5      | Reached **** piety under Trog
  4871 | D:5      | Found a deep blue altar of Sif Muna.
  5562 | D:6      | Found an iron altar of Okawaru.
  5769 | D:6      | Found a blossoming altar of Fedhas.
  5893 | D:6      | Got an ichor-stained robe
  5904 | D:6      | Identified the +2 robe of Woeguven {+Inv rPois} (You found it on level 6 of the Dungeon)
  5926 | D:7      | Reached skill level 11 in Maces & Flails
  5991 | D:7      | Reached XP level 9. HP: 23/51 MP: 9/9
  6208 | D:7      | Gained mutation: You passively map a small area around you. [mutagenic meat]
  6209 | D:7      | Gained mutation: You passively map the area around you. [mutagenic meat]
  6210 | D:7      | Gained mutation: You have a pair of small horns on your head. [mutagenic meat]
  6211 | D:7      | Gained mutation: You can translocate small distances at will. [mutagenic meat]
  6223 | D:7      | Found Eliucac's Distillery.
  6226 | D:7      | Bought a potion of berserk rage for 60 gold pieces
  6278 | D:7      | Found Wudu's General Store.
  6286 | D:7      | Bought a potion of degeneration for 12 gold pieces
  6344 | D:7      | Reached skill level 12 in Maces & Flails
  6346 | D:7      | Found Oteaniox's Armour Emporium.
  6378 | D:7      | Found a staircase to the Ecumenical Temple.
  6581 | D:7      | Identified the Handbook of Entrancing Arcane Weapons
  6690 | D:7      | Bought a potion of cure mutation for 300 gold pieces
  6785 | D:8      | Reached skill level 1 in Stealth
  6975 | D:8      | Reached skill level 1 in Evocations
  7424 | D:8      | Noticed a three-headed hydra
  7434 | D:8      | Killed a three-headed hydra
  7434 | D:8      | Reached XP level 10. HP: 53/58 MP: 11/11
  7848 | D:8      | Noticed Erica
  7875 | D:8      | Killed Erica
  7875 | D:8      | Reached skill level 5 in Fighting
  7980 | D:8      | Found a stormy altar of Qazlal.
  8467 | D:9      | Reached skill level 5 in Armour
  8558 | D:9      | Found a shattered altar of Ashenzari.
  8573 | D:9      | Reached skill level 5 in Stealth
  8904 | D:9      | Found a faded altar of an unknown god.
  8904 | D:9      | Found a deep blue altar of Sif Muna.
  8909 | D:9      | Found a faded altar of an unknown god.
  8911 | D:9      | Found a faded altar of an unknown god.
  8912 | D:9      | Found a faded altar of an unknown god.
  9249 | D:9      | Reached ***** piety under Trog
  9592 | D:10     | Entered Level 10 of the Dungeon
  9762 | D:10     | Reached XP level 11. HP: 64/64 MP: 14/14
 10343 | D:10     | Noticed a hill giant
 10343 | D:10     | Received a gift from Trog
 10356 | D:10     | Killed a hill giant
 10894 | D:11     | Found Agasefo's Book Shop.
 10944 | D:11     | Found a roughly hewn altar of Beogh.
 10944 | D:11     | Found a staircase to the Orcish Mines.
 11058 | D:11     | Received a gift from Trog
 11074 | D:11     | Reached skill level 13 in Maces & Flails
 11136 | D:11     | Reached skill level 5 in Evocations
 11355 | D:11     | Noticed a hill giant
 11362 | D:11     | Killed a hill giant
 11408 | D:11     | Noticed a centaur warrior
 11409 | D:11     | Noticed a cyclops
 11424 | D:11     | Killed a cyclops
 11438 | D:11     | Killed a centaur warrior
 11570 | D:11     | Noticed an oklob plant
 11626 | D:11     | Reached XP level 12. HP: 33/72 MP: 16/16
 11654 | D:11     | Killed from afar by an orc priest

Skill      XL: |  1  2  3  4  5  6  7  8  9 10 11 12 |
---------------+-------------------------------------+-----
Maces & Flails | 4 6 7 9 11 12 13 | 13.3
Stealth        | 3 5 7 |  7.7
Evocations     | 2 4 5 6 |  6.0
Dodging        | 3 4 |  4.0
Fighting       | 4 5 7 |  7.6
Armour         | 4 5 7 |  7.4

Action                   |  1- 3 |  4- 6 |  7- 9 | 10-12 || total
-------------------------+-------+-------+-------+-------++-------
Melee: Mace              |    20 |       |       |       ||    20
       Whip              |   105 |   278 |   752 |   676 ||  1811
       Headbutt          |       |       |    40 |   178 ||   218
       Flail             |       |       |       |   170 ||   170
Invok: Berserk           |     1 |     3 |     3 |    13 ||    20
       Trog's Hand       |       |       |     1 |     5 ||     6
       Brothers in Arms  |       |       |       |     2 ||     2
Evoke: Rod               |       |     3 |     3 |       ||     6
       Wand              |       |       |       |    10 ||    10
  Use: Potion            |     2 |     3 |     7 |     8 ||    20
       Scroll            |       |     8 |     5 |    10 ||    23
 Stab: Sleeping          |       |       |     1 |     1 ||     2
       Distracted        |       |       |       |     2 ||     2
  Eat: Chunk             |     2 |     8 |    11 |    21 ||    42
       Beef jerky        |       |     1 |     1 |     1 ||     3
       Pizza             |       |       |     1 |     3 ||     4
       Fruit             |       |       |     2 |       ||     2
       Meat ration       |       |       |     1 |       ||     1
       Royal jelly       |       |       |       |     1 ||     1
Armor: Animal skin       |    42 |    44 |    53 |       ||   139
       Robe              |       |       |    47 |   121 ||   168
       Ring mail         |       |       |       |    46 ||    46
       Skin              |       |       |       |     1 ||     1
Dodge: Dodged            |    87 |   169 |   288 |   499 ||  1043
